 Dungeon Crawl Stone Soup version 0.29.1-13-g9f3cf754e1 (webtiles) character file.

Game seed: 11036242914694741436

14 Exodus22XD the Trooper (level 2, 27/27 HPs)
             Began as a Minotaur Fighter on Feb 3, 2023.
             Was a Follower of Fedhas.
             Quit the game on level 1 of the Dungeon.
             The game lasted 00:00:25 (834 turns).

Exodus22XD the Trooper (Minotaur Fighter)            Turns: 834, Time: 00:00:26

Health: 27/27      AC:  7    Str: 20    XL:     2   Next: 31%
Magic:  1/1        EV:  9    Int:  5    God:    Fedhas [*.....]
Gold:   36         SH:  4    Dex:  9    Spells: 1/1 levels left

rFire   . . .      SeeInvis .   a - +0 war axe
rCold   . . .      Faith    .   c - +0 buckler
rNeg    . . .      Spirit   .   b - +0 scale mail
rPois   .          Reflect  .   (helmet restricted)
rElec   .          Harm     .   (no cloak)
rCorr   .          Rampage  .   (no gloves)
Will    .....                   (no boots)
Stlth   ..........              (no amulet)
HPRegen 0.09/turn               (no ring)
MPRegen 0.07/turn               (no ring)

@: no status effects
A: horns 2, retaliatory headbutt
a: Renounce Religion


You were on level 1 of the Dungeon.
You worshipped Fedhas.
Fedhas was aware of your devotion.
You visited 1 branch of the dungeon, and saw 1 of its levels.

You collected 36 gold pieces.

Inventory:

Hand Weapons
 a - a +0 war axe (weapon)
Armour
 b - a +0 scale mail (worn)
 c - a +0 buckler (worn)
Scrolls
 f - 2 scrolls of butterflies {unknown}
 h - a scroll of blinking {unknown}
Potions
 d - a potion of might
 e - a potion of magic {unknown}
 g - a potion of curing {unknown}
 i - a potion of brilliance {unknown}
 j - a potion of heal wounds {unknown}
 k - a potion of degeneration {unknown}
 l - a potion of ambrosia {unknown}


   Skills:
 + Level 3.9 Fighting
 + Level 2.6 Axes
 + Level 3.9 Armour
 + Level 3.9 Shields


You had one spell level left.
You didn't know any spells.
Your spell library contained the following spells:

 Spells                   Type           Power      Damage    Failure   Level
 Slow                     Hex            0%         N/A       89%         1
 Portal Projectile        Hex/Tloc       0%         N/A       99%         3
 Leda's Liquefaction      Hex/Erth       0%         N/A       100%        4
 Fireball                 Conj/Fire      0%         3d3       100%        5


Dungeon Overview and Level Annotations

Branches:
Dungeon (1/15)

Altars:
Fedhas


Innate Abilities, Weirdness & Mutations

You have a pair of horns on your head.
You reflexively headbutt those who attack you in melee.


Message History

The hobgoblin shouts!
A hobgoblin is nearby!
A hobgoblin is nearby!
The hobgoblin hits you.
A hobgoblin is nearby!
A hobgoblin is nearby!
You slash the hobgoblin!
You kill the hobgoblin!
Key pressed, stopping explore.
No target in view!
l - a fuming silvery potion No target in view!
Key pressed, stopping explore.
No target in view!
f - 2 scrolls labelled ALOREULOLO (gained 1) Key pressed, stopping explore.
No target in view!
You see here a +0 spear.
An endoplasm comes into view.
An endoplasm is nearby!
An endoplasm is nearby!
The endoplasm freezes you.
You are frozen.
An endoplasm is nearby!
You slash the endoplasm!
You kill the endoplasm!
Found a club.
Found a faded altar of an unknown god.
You see here a scarf of shadows.
No target in view!
You open the door.
Found a club.
No target in view!
There is a faded altar of an unknown god here.
You see here a -3 club.
You cannot tell which god this altar belongs to.
Convert to them anyway?
Fedhas accepts your prayer! Fedhas welcomes you!
The plants of the dungeon cease their hostilities.
You see here a scarf of shadows.
Are you sure you want to abandon this character and quit the game? (Confirm with "yes".)

#...†.....#
#################.#
##.........)..#
####.......####
#.._#......'..+
#..#.......####
#..........#
#.....#
##.........#
#.....# #.......@.#
#.....# #.........#
#.....# #.........#
#.....# ##.#+######
#.....# #.#
#....†#####
#.#+#####
#.....'....
#.......#
#.....#####
#.......# #.....#
#...÷...# ###'#.#


There were no monsters in sight!

Vanquished Creatures
  3 bats (D:1)
  2 endoplasms (D:1)
  A goblin (D:1)
  2 hobgoblins (D:1)
  2 quokkas (D:1)
  2 frilled lizards (D:1)
  A rat (D:1)
13 creatures vanquished.

Notes
Turn   | Place    | Note
-------+----------+-------------------------------------------
     0 | D:1      | Exodus22XD the Minotaur Fighter began the quest for the
                  | Orb.
     0 | D:1      | Reached XP level 1. HP: 19/19 MP: 0/0
   145 | D:1      | Got the Secrets of Execration and Flames
   368 | D:1      | Reached XP level 2. HP: 26/27 MP: 1/1
   808 | D:1      | Found a faded altar of an unknown god.
   827 | D:1      | Prayed at the altar of an unknown god.
   827 | D:1      | Became a worshipper of Fedhas Madash
   827 | D:1      | Reached * piety under Fedhas
   834 | D:1      | Quit the game

Illustrated notes

Levels and vault maps discovered:
D:1:      lightli_arrival_statue_moat, layout_basic,
          ebering_ecumenical_altar_rust, serial_rivers,
          chequers_serial_rivers_micro_a, chequers_serial_rivers_micro_d,
          chequers_serial_rivers_room_a, chequers_serial_rivers_micro_d,
          supply_closet_lemuel

Action                   || total
-------------------------++-------
Melee: War axe           ||    23
       Headbutt          ||     2
Armor: Scale mail        ||    11
Dodge: Dodged            ||    11
Block: Buckler           ||     5
